 Dungeon Crawl Stone Soup version 0.30.0 (webtiles) character file.

Game seed: 7425406899255361649

4907 Ayyar the Conjurer (level 10, -7/76 (81) HPs)
             Began as a Pale Draconian Conjurer on May 10, 2023.
             Was a Believer of Sif Muna.
             Mangled by a two-headed ogre
             ... wielding a +0 giant club
              (11 damage)
             ... on level 9 of the Dungeon.
             The game lasted 00:53:22 (11507 turns).

Ayyar the Conjurer (Pale Draconian Conjurer)       Turns: 11507, Time: 00:53:22

HP:   -7/76 (81)    AC: 10    Str: 16    XL:     10   Next: 27%
MP:   15/19         EV: 13    Int: 22    God:    Sif Muna [**....]
Gold: 372           SH:  0    Dex: 10    Spells: 14/21 levels left

rFire   . . .        u - +3 dagger (venom)
rCold   . . .        (no shield)
rNeg    + . .        (body armour unavailable)
rPois   .            (helmet restricted)
rElec   .            G - +0 cloak
rCorr   .            q - +0 pair of gloves
SInv    .            R - +0 pair of boots
Will    .....        S - amulet of magic regeneration
Stlth   +++          A - +6 ring of strength
HPRegen 0.32/turn    F - ring of positive energy
MPRegen 0.56/turn

%: no passive effects
@: drained
A: breathe steam, AC +7, unfitting armour, cold-blooded, steam resistance
a: Breathe Steam, Renounce Religion, Channel Magic


You were on level 9 of the Dungeon.
You worshipped Sif Muna.
Sif Muna was pleased with you.
You visited 2 branches of the dungeon, and saw 10 of its levels.

You collected 412 gold pieces.
You spent 40 gold pieces at shops.

Inventory:

Hand Weapons
 u - a +3 dagger of venom (weapon)
Missiles
 c - 4 boomerangs
 k - 12 boomerangs of dispersal
 o - 25 poisoned darts
 y - 3 atropa-tipped darts
 M - 4 curare-tipped darts
Armour
 q - a +0 pair of gloves (worn)
 G - a +0 cloak (worn)
 P - a scarf of shadows
 R - a +0 pair of boots (worn)
Magical Staves
 v - a staff of earth
Jewellery
 f - an amulet of the acrobat
 A - a +6 ring of strength (left hand)
 C - a +6 ring of dexterity
 F - a ring of positive energy (right hand)
 S - an amulet of magic regeneration (around neck)
Wands
 r - a wand of mindburst (10)
 J - a wand of polymorph (1)
 N - a wand of light (5)
 O - a wand of paralysis (14)
Scrolls
 d - 4 scrolls of blinking
 e - 4 scrolls of vulnerability
 g - a scroll of poison {unknown}
 j - 2 scrolls of acquirement
 l - 2 scrolls of teleportation
 n - a scroll of enchant armour {unknown}
 p - 3 scrolls of enchant weapon
 s - 4 scrolls of immolation
 D - a scroll of fear {unknown}
 H - a scroll of brand weapon {unknown}
 I - a scroll of butterflies {unknown}
 K - 2 scrolls of magic mapping
Potions
 a - 4 potions of magic
 h - 6 potions of curing
 i - a potion of flight
 m - 2 potions of attraction
 t - 2 potions of resistance
 w - 3 potions of ambrosia
 x - 2 potions of invisibility
 z - 2 potions of berserk rage
 B - 2 potions of might
 E - a potion of cancellation
 L - 4 potions of brilliance
Miscellaneous
 Q - a phantom mirror


   Skills:
 + Level 5.2 Fighting
 + Level 5.4 Dodging
 + Level 5.9 Stealth
 + Level 6.3 Spellcasting
 + Level 7.1 Conjurations
 + Level 6.1 Air Magic
 + Level 4.0 Invocations
 + Level 4.0 Evocations


You had 14 spell levels left.
You knew the following spells:

 Your Spells              Type           Power      Damage    Failure   Level
a - Magic Dart            Conj           100%       1d8       1%          1
b - Searing Ray           Conj           76%        2d7       1%          2
c - Static Discharge      Conj/Air       72%        2-5/arc   1%          2
d - Poisonous Vapours     Pois/Air       40%        N/A       3%          2

Your spell library contained the following spells:

 Spells                   Type           Power      Damage    Failure   Level
 Mephitic Cloud           Conj/Pois/Air  26%        N/A       4%          3
 Dazzling Flash           Conj/Hex       44%        N/A       6%          3
 Airstrike                Air            17%        2d(3-19)  7%          4
 Beastly Appendage        Tmut           12%        N/A       9%          1
 Sting                    Tmut/Pois      24%        1d4       9%          1
 Ensorcelled Hibernation  Hex/Ice        12%        N/A       13%         2
 Sublimation of Blood     Necr           6%         N/A       13%         2
 Wereblood                Tmut           6%         N/A       13%         2
 Fulminant Prism          Conj/Hex       11%        3d9       21%         4
 Iskenderun's Mystic Bla  Conj/Tloc      22%        2d6       21%         4
 Inner Flame              Hex/Fire       6%         N/A       26%         3
 Spider Form              Tmut/Pois      6%         N/A       26%         3
 Summon Lightning Spire   Summ/Air       20%        N/A       26%         4
 Freezing Cloud           Conj/Ice/Air   13%        6-21      36%         5
 Anguish                  Hex/Necr       3%         N/A       65%         4
 Animate Dead             Necr           6%         N/A       65%         4
 Olgreb's Toxic Radiance  Pois           6%         N/A       65%         4
 Borgnjor's Vile Clutch   Necr/Erth      3%         N/A       94%         5
 Yara's Violent Unravell  Hex/Tmut       3%         3d4       94%         5
 Death Channel            Necr           3%         N/A       100%        6
 Enfeeble                 Hex            3%         N/A       100%        7
 Summon Hydra             Summ           3%         N/A       100%        7
 Discord                  Hex            3%         N/A       100%        8
 Ignition                 Fire           3%         3d4       100%        8


Dungeon Overview and Level Annotations

Branches:
Dungeon (9/15)             Temple (1/1) D:5            Lair (0/5) D:8
    Orc (0/2) D:9

Altars:
Elyvilon
Fedhas
Gozag
Hepliaklqana
Makhleb
Nemelex Xobeh
Okawaru
Sif Muna
Uskayaw
Vehumet
Xom
Zin

Shops:
D:2 !   D:8 [   D:9 (

Annotations:
D:5 1 runed translucent door
D:8 1 runed translucent door
D:9 1 runed translucent door


Innate Abilities, Weirdness & Mutations

You can breathe blasts of scalding, opaque steam.
Your pale cyan-grey scales are hard. (AC +7)
You cannot fit into any form of body armour.
You are cold-blooded and may be slowed by cold attacks.
You are immune to the effects of steam.


Message History

Confirm with . or Enter, or press ? or * to list all spells.
Aiming: Poisonous Vapours (safe; 3% risk of failure)
Press: ? - help, Dir - move target, f/p - two-headed ogre
Aim: a two-headed ogre, wielding a +0 giant club and a +0 giant spiked club (lightly wounded) Poisonous vapours surround the two-headed ogre!
The two-headed ogre is poisoned.
The two-headed ogre looks more healthy.
Casting: Poisonous Vapours (safe; 3% risk of failure)
Confirm with . or Enter, or press ? or * to list all spells.
The two-headed ogre is struck by an arc of lightning.
The two-headed ogre is lightly wounded.
You are struck by an arc of lightning.
The two-headed ogre is struck by an arc of lightning.
The two-headed ogre is lightly wounded.
You are struck by an arc of lightning.
The lightning grounds out.
The two-headed ogre hits you with a +0 giant club!!
The two-headed ogre barely misses you.
Casting: Static Discharge (safe; 1% risk of failure)
Confirm with . or Enter, or press ? or * to list all spells.
Aiming: Searing Ray (safe; 1% risk of failure)
Press: ? - help, Shift-Dir - straight line, f/p - two-headed ogre
Aim: a two-headed ogre, wielding a +0 giant club and a +0 giant spiked club (lightly wounded, 91% to hit)
The searing ray hits the two-headed ogre!
The two-headed ogre is moderately wounded. (Press . to maintain the ray.)
The two-headed ogre hits you with a +0 giant club!
The two-headed ogre hits you with a +0 giant spiked club!
* * * LOW HITPOINT WARNING * * *
The searing ray hits the two-headed ogre!
The two-headed ogre is heavily wounded.
The searing ray hits the two-headed ogre!
The two-headed ogre is severely wounded.
The two-headed ogre hits you with a +0 giant club!
* * * LOW HITPOINT WARNING * * *
The two-headed ogre barely misses you.
The searing ray hits the two-headed ogre!
The two-headed ogre is almost dead.
You finish channelling your searing ray.
The two-headed ogre hits you with a +0 giant club!
You die...

#...................###
#...................P8#
#...................#P+s#
#...................#8##.[
#...................# # #
#..............<....#
#...................#
#...................#
#............[.@[...#
#..............O....#
#...................############
#................<.......o......
#.......................).......
#.....................##########
#.....................#
#.....................#
#.....................#


You could see a two-headed ogre.

Vanquished Creatures
  A gargoyle (D:9)
  A komodo dragon (D:8)
  6 yaks (D:9)
  The ghost of Lancus the Magician, an amateur SpEE of Ashenzari (D:5)
  A wyvern (D:8)
  Grum (D:8)
  A water moccasin (D:6)
  An ice beast (D:7)
  6 orc warriors
  A black bear (D:6)
  An ogre (D:4)
  2 wolves (D:8)
  2 phantoms
  2 kobold brigands
  5 bullfrogs
  A scorpion (D:6)
  4 wights (D:9)
  5 killer bees (D:9)
  2 jellies
  3 hounds
  2 gnoll boudas
  3 orc priests
  Jessica (D:2)
  5 iguanas
  3 orc wizards
  13 gnolls
  10 adders
  2 shadow imps
  A white imp (D:7)
  2 ufetubi
  3 dart slugs
  29 orcs
  7 endoplasms
  5 giant cockroaches
  5 goblins
  10 hobgoblins
  2 jackals (D:5)
  17 kobolds
  3 quokkas
  5 ball pythons
  5 bats
  6 frilled lizards
  2 rats
188 creatures vanquished.

Vanquished Creatures (others)
  9 plants (D:8)
9 creatures vanquished.

Grand Total: 197 creatures vanquished

Notes
Turn   | Place    | Note
-------+----------+-------------------------------------------
     0 | D:1      | Ayyar the Draconian Conjurer began the quest for the Orb.
     0 | D:1      | Reached XP level 1. HP: 14/14 MP: 3/3
   436 | D:1      | Reached XP level 2. HP: 20/20 MP: 0/5
   729 | D:2      | Found Vafaox's Distillery.
   735 | D:2      | Learned a level 2 spell: Searing Ray
   808 | D:2      | Reached XP level 3. HP: 22/26 MP: 0/6
  1122 | D:2      | Bought a potion of curing for 30 gold pieces
  1122 | D:2      | Bought a potion of degeneration for 10 gold pieces
  1481 | D:2      | You fall into a shaft and drop 1 floor!
  1741 | D:2      | Noticed Jessica
  1757 | D:2      | Killed Jessica
  1758 | D:2      | Reached XP level 4. HP: 33/33 MP: 1/8
  2651 | D:3      | Found a blossoming altar of Fedhas.
  2651 | D:3      | Found an opulent altar of Gozag.
  3176 | D:4      | Identified the +0 ring mail "Yhid" {Str+3}
  3224 | D:4      | Reached XP level 5. HP: 38/38 MP: 4/10
  3320 | D:4      | Noticed a phantom
  3327 | D:4      | Killed a phantom
  3377 | D:4      | Reached XP level 6. HP: 36/45 MP: 10/12
  3807 | D:5      | Entered Level 5 of the Dungeon
  3824 | D:4      | Reached skill level 5 in Conjurations
  4231 | D:5      | Found a glowing silver altar of Zin.
  4257 | D:5      | Got the Discursus on Forms
  4265 | D:5      | Reached skill level 1 in Fighting
  4328 | D:5      | Found a runed translucent door.
  4566 | D:5      | Found a staircase to the Ecumenical Temple.
  4580 | Temple   | Entered the Ecumenical Temple
  4585 | Temple   | Became a worshipper of Sif Muna the Loreminder
  4692 | D:5      | Noticed Lancus's ghost (amateur SpEE)
  4771 | D:5      | Found a runed translucent door.
  4793 | D:4      | Your scales start taking on a pale cyan-grey colour.
  4793 | D:4      | Reached XP level 7. HP: 44/52 MP: 2/14
  4793 | D:4      | Gained mutation: You are immune to the effects of steam.
                  | [Pale Draconian growth]
  4880 | D:4      | Learned a level 2 spell: Static Discharge
  5808 | D:6      | Reached skill level 1 in Air Magic
  6158 | D:6      | Reached skill level 5 in Spellcasting
  6237 | D:6      | Reached XP level 8. HP: 62/62 MP: 10/15
  6943 | D:7      | Reached * piety under Sif Muna
  7589 | D:7      | Reached skill level 1 in Invocations
  7736 | D:8      | Reached skill level 6 in Conjurations
  7736 | D:8      | Reached skill level 1 in Evocations
  8068 | D:8      | Found a staircase to the Lair.
  8069 | D:8      | Noticed a komodo dragon
  8125 | D:8      | Killed a komodo dragon
  8126 | D:8      | Reached XP level 9. HP: 50/71 MP: 0/17
  8430 | D:8      | Found Suishritul's Antique Armour Shoppe.
  8617 | D:8      | Reached skill level 5 in Air Magic
  8660 | D:8      | Learned a level 2 spell: Poisonous Vapours
  8667 | D:8      | Noticed Grum
  8672 | D:8      | Reached skill level 5 in Stealth
  8684 | D:8      | Reached ** piety under Sif Muna
  8685 | D:8      | Killed Grum
  8996 | D:8      | Found a runed translucent door.
  9404 | D:5      | Killed Lancus's ghost
  9635 | D:9      | Found a runed translucent door.
  9659 | D:9      | Reached skill level 5 in Dodging
  9933 | D:9      | Found Avulus's Weapon Shop.
  9933 | D:9      | Found a staircase to the Orcish Mines.
 10003 | D:9      | Reached XP level 10. HP: 44/80 MP: 4/19
 10184 | D:9      | Reached skill level 5 in Fighting
 10662 | D:9      | Noticed a gargoyle
 10696 | D:9      | HP: 4/81 [gargoyle/+0 flail (5)]
 10704 | D:9      | Killed a gargoyle
 10705 | D:9      | Reached skill level 7 in Conjurations
 10950 | D:9      | Identified 2 scrolls of acquirement
 11454 | D:9      | Noticed a two-headed ogre
 11507 | D:9      | Mangled by a two-headed ogre

Illustrated notes

Levels and vault maps discovered:
D:1:      erik_arrival_triangle_medium, layout_rooms, hangedman_decor_growths
D:2:      layout_basic, serial_shops, nicolae_shop_waterfront, uniq_jessica
D:3:      minmay_bubble_buster, layout_basic, gammafunk_temple_overflow_statue
D:4:      layout_basic, cheibrodos_gnoll_hut
D:5:      layout_layer_cave, mainiacjoe_overflow_brackets, temple_fountains,
          ebering_ghost_sewer_f
D:6:      cheibrodos_thug_alley, layout_basic
D:7:      layout_basic
D:8:      layout_basic, david_lair_shrubbed, serial_shops, nicolae_shop_trees,
          lightli_church_of_beogh, uniq_grum
D:9:      gammafunk_indiana_jones, layout_long_grid, orc_david_3
Temple:   compressed_dpeg_triangle_lava_temple

Skill      XL: |  1  2  3  4  5  6  7  8  9 10 |
---------------+-------------------------------+-----
Stealth        | 2 3 4 5 |  5.9
Dodging        | 2 3 4 5 |  5.4
Spellcasting   | 3 4 5 6 |  6.3
Conjurations   | 5 6 7 |  7.1
Fighting       | 1 2 3 4 5 |  5.2
Air Magic      | 2 4 5 6 |  6.1
Invocations    | 1 3 4 |  4.0
Evocations     | 1 3 4 |  4.0

Action                     |  1- 3 |  4- 6 |  7- 9 | 10-12 || total
---------------------------+-------+-------+-------+-------++-------
  Melee: Unarmed           |     9 |       |       |       ||     9
         Dagger            |     1 |    25 |    63 |    19 ||   108
         Tailslap          |     1 |     3 |    13 |     1 ||    18
         Punch             |       |       |     2 |     1 ||     3
  Throw: Boomerang         |    10 |       |       |       ||    10
         Dart              |     1 |       |     2 |       ||     3
   Cast: Magic Dart        |    57 |    58 |   117 |    29 ||   261
         Searing Ray       |     8 |    16 |    34 |    14 ||    72
         Static Discharge  |       |       |    20 |     6 ||    26
         Poisonous Vapours |       |       |     1 |     2 ||     3
Ability: Breathe Steam     |       |       |     1 |       ||     1
  Evoke: Wand              |       |       |     2 |       ||     2
    Use: Scroll            |       |       |       |    12 ||    12
         Potion            |       |       |       |     4 ||     4
   Stab: Sleeping          |     1 |     3 |     2 |       ||     6
         Invisible         |       |       |       |     1 ||     1
 Armour: Skin              |    11 |    20 |    23 |    10 ||    64
  Dodge: Dodged            |    23 |    44 |   140 |    52 ||   259
